 Dungeon Sprint DCSS version 0.23.0-3-gf3c87f2 (webtiles) character file.

Game seed: 11244352005346271509

2230 nuthulu the Dealer of Despair (level 9, -1/70 (72) HPs)
             Began as a Gnoll Necromancer on Feb 20, 2019.
             Was an Elder of Kikubaaqudgha.
             Slain by a jumping spider (3 damage)
             ... summoned by a deep elf mage
             ... in the Dungeon (Sprint V: "Ziggurat Sprint").
             The game lasted 00:04:33 (530 turns).

nuthulu the Dealer of Despair (Gnoll Necromancer)    Turns: 530, Time: 00:04:34

HP:   -1/70 (72)    AC: 20    Str: 23    XL:     9   Next: 36%
MP:   22/22         EV:  2    Int: 19    God:    Kikubaaqudgha [****..]
Gold: 0             SH: 29    Dex: 17    Spells: 24/26 levels left

rFire    + . .     SeeInvis .   F - +6 shillelagh "Devastator" {shatter}
rCold    + . .     Gourm    .   D - +18 shield of the Gong {rElec rN+ MR+ EV-5}
rNeg     + . .     Faith    .   E - +5 gold dragon scales
rPois    +         Spirit   .   (no helmet)
rElec    +         Reflect  .   (no cloak)
rCorr    .         Harm     .   (no gloves)
MR       +....     NoTele   +   (no boots)
Stlth    ..........             (no amulet)
HPRegen  0.21/turn              B - +6 ring of strength
MPRegen  0.18/turn              C - +6 ring of strength

@: very slightly contaminated, slowed, studying Air Magic, lightly drained, very
slow
A: distributed training, fangs 1, strong nose
a: Receive Corpses, Renounce Religion


You were in the Dungeon.
You worshipped Kikubaaqudgha.
Kikubaaqudgha was greatly pleased with you.
You were not hungry.

You visited 1 branch

Inventory:

Hand Weapons
 F - the +6 shillelagh "Devastator" (weapon) {shatter}
   (You found it in the Dungeon)
Armour
 a - a +0 robe
 D - the +18 shield of the Gong (worn) {rElec rN+ MR+ EV-5}
   (You found it in the Dungeon)

   It affects your evasion (-5).
   It insulates you from electricity.
   It protects you from negative energy.
   It affects your resistance to hostile enchantments.
 E - +5 gold dragon scales (worn)
Jewellery
 x - a +6 ring of dexterity
 y - a +6 ring of dexterity
 z - a +6 ring of intelligence
 A - a +6 ring of intelligence
 B - a +6 ring of strength (left hand)
 C - a +6 ring of strength (right hand)
 G - a +3 ring of evasion
Wands
 u - a wand of disintegration (7)
 v - a wand of iceblast (7)
 w - a wand of acid (7)
Scrolls
 i - 4 scrolls of blinking
 o - 4 scrolls of amnesia
 p - 7 scrolls of fog
 q - a scroll of holy word
 r - 5 scrolls of identify
 s - 5 scrolls of remove curse
 t - 2 scrolls of fear
 I - 4 scrolls of brand weapon
Potions
 b - 2 potions of brilliance
 d - 10 potions of curing
 e - 14 potions of heal wounds
 f - 6 potions of haste
 g - 7 potions of magic
 h - 3 potions of berserk rage
 j - 2 potions of invisibility
 k - 4 potions of resistance
 l - a potion of experience
 m - 5 potions of agility
 n - 5 potions of might
Books
 H - a manual of Air Magic
Comestibles
 c - 7 rations
 J - 11 chunks of flesh


   Skills:
 + Level 7.4(7.3) Fighting
 + Level 7.4(7.3) Short Blades
 + Level 7.4(7.3) Long Blades
 + Level 7.4(7.3) Axes
 + Level 7.4(7.3) Maces & Flails
 + Level 7.4(7.3) Polearms
 + Level 7.4(7.3) Staves
 + Level 7.4(7.3) Slings
 + Level 7.4(7.3) Bows
 + Level 7.4(7.3) Crossbows
 + Level 7.4(7.3) Throwing
 + Level 7.4(7.3) Armour
 + Level 8.8(8.7) Dodging
 + Level 8.6(8.4) Stealth
 + Level 7.4(7.3) Shields
 + Level 7.4(7.3) Unarmed Combat
 + Level 9.1(8.9) Spellcasting
 + Level 6.2(6.0) Conjurations
 + Level 6.2(6.0) Hexes
 + Level 6.2(6.0) Charms
 + Level 6.2(6.0) Summonings
 + Level 9.5(9.3) Necromancy
 + Level 6.2(6.0) Translocations
 + Level 6.2(6.0) Transmutations
 + Level 6.2(6.0) Fire Magic
 + Level 6.2(6.0) Ice Magic
 + Level 7.8(7.6) Air Magic
 + Level 6.2(6.0) Earth Magic
 + Level 6.2(6.0) Poison Magic
 + Level 8.2(8.0) Invocations
 + Level 7.4(7.3) Evocations


You had 24 spell levels left.
You knew the following spells:

 Your Spells              Type           Power        Failure   Level  Hunger
a - Pain                  Necr           ####         38%         1    None
b - Animate Skeleton      Necr           N/A          38%         1    None

Your spell library contained the following spells:

 Spells                   Type           Power        Failure   Level  Hunger
 Sublimation of Blood     Necr           #####.....   52%         2    None
 Vampiric Draining        Necr           #####.....   77%         3    None
 Regeneration             Chrm/Necr      #####.....   93%         3    None
 Animate Dead             Necr           N/A          99%         4    ###....
 Dispel Undead            Necr           #####...     100%        5    #####..
 Excruciating Wounds      Chrm/Necr      #####.....   100%        5    #####..
 Death Channel            Necr           #####.....   100%        6    ######.
 Simulacrum               Ice/Necr       #####.....   100%        6    ######.


Dungeon Overview and Level Annotations

Branches:
Dungeon (1/1)

Altars:
Ashenzari
Cheibriados
Dithmenos
Elyvilon
Fedhas
Gozag
Hepliaklqana
Kikubaaqudgha
Makhleb
Nemelex Xobeh
Okawaru
Qazlal
Ru
Sif Muna
Trog
Uskayaw
Vehumet
Wu Jian
Xom
Yredelemnul
Zin
The Shining One
Beogh
Jiyva
Lugonu

Annotations:
D 1 transporter


Innate Abilities, Weirdness & Mutations

Your experience applies equally to all skills.
You have very sharp teeth.
Your uncanny sense of smell can sniff out nearby items.


Message History

The earth elemental hits your deep elf mage skeleton!!
You block the water nymph's attack.
GONNNNG!
Splash!
You fall into the shallow water.
Moving in this stuff is going to be slow.
The deep elf mage barely misses your deep elf mage skeleton.
The deep elf knight unwields a +0 longbow.
The deep elf knight wields a +3 broad axe of draining.
You sense an unholy aura.
The deep elf knight hits you with a +3 broad axe of draining!
* * * LOW HITPOINT WARNING * * *
You partially resist.
You feel drained.
* * * LOW HITPOINT WARNING * * *
Unknown command.
Unknown command.
The jumping spider leaps!
The redback bites you but does no damage.
The jumping spider pounces on you.
You die...
Kikubaaqudgha rasps: "You have failed me!
Welcome... death!"

▓.▓....▓.▓.▓.(..▓.▓
▓...©....▓...©....▓
▓▓▓▓▓▓▓▓▓▓▓▓▓▓▓▓▓▓▓
▓..8©8..▓ ∆∆∆∆
▓..}[[..▓ ∆∆∆
▓..°[r..▓ ▓..3eo§.▓
▓..eEe4s▓


▓.EsZm@e▓ ▓.EZ3(≈s▓ ▓.▓...▓.▓ ▓s..©...▓ ▓▓▓▓▓▓▓▓▓ ∆ ∆∆∆ ∆∆∆ You could see an orc
high priest, a deep elf knight, 3 earth elementals, a hellwing, 3 deep elf magi,
a water nymph shaped shifter, a sixfirhy, a neqoxec, 2 jumping spiders, 2
redbacks, a hell rat, a friendly deep elf mage skeleton and a friendly deep elf
archer skeleton.

Vanquished Creatures
  A deep elf archer (D)
  2 deep elf magi (D)
  An orc sorcerer (D)
  A black bear (D)
  A phantom (D)
  A necrophage (D)
  2 wolves (D)
  An orc priest (D)
  2 orc wizards (D)
  2 river rats (D)
  An adder zombie (D)
  An orc (D)
  A ball python skeleton (D)
17 creatures vanquished.

Vanquished Creatures (others)
  A deep elf knight (D)
1 creature vanquished.

Grand Total: 18 creatures vanquished

Notes
Turn   | Place    | Note
-------+----------+-------------------------------------------
     0 | D        | Found the +6 Majin-Bo {vamp, Archmagi MP+6 Int+6}
     0 | D        | Found the +7 great mace "Firestarter" {inner flame, rF++}
     0 | D        | nuthulu the Gnoll Necromancer began the quest for the Orb.
     0 | D        | Reached XP level 1. HP: 13/13 MP: 6/6
     0 | D        | Found a deep blue altar of Sif Muna.
     0 | D        | Found a sacrificial altar of Ru.
     0 | D        | Found a bloodstained altar of Trog.
     0 | D        | Found a stormy altar of Qazlal.
     0 | D        | Found an iron altar of Okawaru.
     0 | D        | Found a sparkling altar of Nemelex Xobeh.
     0 | D        | Found a blossoming altar of Fedhas.
     2 | D        | Found a transporter.
     2 | D        | Found an ancient bone altar of Kikubaaqudgha.
     2 | D        | Found a viscous altar of Jiyva.
     2 | D        | Found a corrupted altar of Lugonu.
     2 | D        | Found a hazy altar of Hepliaklqana.
     2 | D        | Found a burning altar of Makhleb.
     2 | D        | Found an opulent altar of Gozag.
    10 | D        | Learned a level 1 spell: Animate Skeleton
    37 | D        | Found the +9 heavy crossbow "Sniper" {velocity, Acc+∞ SInv}
    37 | D        | Found the +10 dark maul {crush}
    37 | D        | Found the +15 Maxwell's patent armour {-Cast -Tele rElec
                  | MR+ rCorr}
    37 | D        | Found the +18 shield of the Gong {rElec rN+ MR+ EV-5}
    37 | D        | Found the cursed +14 obsidian axe {chop, +Fly SInv *Curse}
    44 | D        | Found the +6 shillelagh "Devastator" {shatter}
    44 | D        | Found the +11 plutonium sword {*Contam Stlth-}
    44 | D        | Found the +8 lance "Wyrmbane" {slay drac, rPois rF+ rC+
                  | AC+3}
    44 | D        | Found the +9 sword of Zonguldrok {reap}
    44 | D        | Found the cursed +13 scythe of Curses {drain, *Curse}
    44 | D        | Found the +0 sword of Power
    44 | D        | Found the +7 mace of Variability {chain chaos}
    44 | D        | Found the +7 Singing Sword {slice, sonic wave}
    44 | D        | Found the +7 longbow "Piercer" {penet, EV-2}
    86 | D        | Became a worshipper of Kikubaaqudgha
    89 | D        | Entered arena 2.
    89 | D        | Found a transporter.
    95 | D        | Reached skill level 1 in Fighting
    95 | D        | Reached skill level 1 in Short Blades
    95 | D        | Reached skill level 1 in Long Blades
    95 | D        | Reached skill level 1 in Axes
    95 | D        | Reached skill level 1 in Maces & Flails
    95 | D        | Reached skill level 1 in Polearms
    95 | D        | Reached skill level 1 in Staves
    95 | D        | Reached skill level 1 in Slings
    95 | D        | Reached skill level 1 in Bows
    95 | D        | Reached skill level 1 in Crossbows
    95 | D        | Reached skill level 1 in Throwing
    95 | D        | Reached skill level 1 in Armour
    95 | D        | Reached skill level 1 in Shields
    95 | D        | Reached skill level 1 in Unarmed Combat
    95 | D        | Reached skill level 5 in Spellcasting
    95 | D        | Reached skill level 1 in Invocations
    95 | D        | Reached skill level 1 in Evocations
    95 | D        | Reached XP level 2. HP: 21/21 MP: 8/8
    95 | D        | Reached skill level 1 in Conjurations
    95 | D        | Reached skill level 1 in Hexes
    95 | D        | Reached skill level 1 in Charms
    95 | D        | Reached skill level 1 in Summonings
    95 | D        | Reached skill level 1 in Translocations
    95 | D        | Reached skill level 1 in Transmutations
    95 | D        | Reached skill level 1 in Fire Magic
    95 | D        | Reached skill level 1 in Ice Magic
    95 | D        | Reached skill level 1 in Air Magic
    95 | D        | Reached skill level 1 in Earth Magic
    95 | D        | Reached skill level 1 in Poison Magic
   108 | D        | Entered arena 3.
   108 | D        | Noticed a wolf
   108 | D        | Noticed a wolf
   108 | D        | Noticed a black bear
   108 | D        | Found a transporter.
   113 | D        | Killed a wolf
   113 | D        | Reached * piety under Kikubaaqudgha
   113 | D        | Identified Kikubaaqudgha's Guide on Evil Rituals
                  | (Kikubaaqudgha gifted it to you in the Dungeon)
   113 | D        | Received a gift from Kikubaaqudgha
   113 | D        | Reached skill level 5 in Dodging
   113 | D        | Reached skill level 5 in Stealth
   113 | D        | Reached XP level 3. HP: 18/28 MP: 10/10
   113 | D        | Reached XP level 4. HP: 21/34 MP: 11/11
   114 | D        | Killed a black bear
   114 | D        | Reached XP level 5. HP: 23/42 MP: 11/13
   121 | D        | Killed a wolf
   121 | D        | Reached XP level 6. HP: 20/48 MP: 12/15
   289 | D        | Entered arena 4.
   289 | D        | Noticed a necrophage
   289 | D        | Noticed a phantom
   289 | D        | Found a transporter.
   292 | D        | Reached ** piety under Kikubaaqudgha
   293 | D        | Killed a necrophage
   293 | D        | Reached skill level 5 in Invocations
   306 | D        | Killed a phantom
   306 | D        | Reached skill level 5 in Fighting
   306 | D        | Reached skill level 5 in Short Blades
   306 | D        | Reached skill level 5 in Long Blades
   306 | D        | Reached skill level 5 in Axes
   306 | D        | Reached skill level 5 in Maces & Flails
   306 | D        | Reached skill level 5 in Polearms
   306 | D        | Reached skill level 5 in Staves
   306 | D        | Reached skill level 5 in Slings
   306 | D        | Reached skill level 5 in Bows
   306 | D        | Reached skill level 5 in Crossbows
   306 | D        | Reached skill level 5 in Throwing
   306 | D        | Reached skill level 5 in Armour
   306 | D        | Reached skill level 5 in Shields
   306 | D        | Reached skill level 5 in Unarmed Combat
   306 | D        | Reached skill level 5 in Evocations
   306 | D        | Reached XP level 7. HP: 56/56 MP: 15/17
   315 | D        | Entered arena 5.
   315 | D        | Found a transporter.
   319 | D        | Reached *** piety under Kikubaaqudgha
   319 | D        | Identified Kikubaaqudgha's Reference Book on Darkness
                  | (Kikubaaqudgha gifted it to you in the Dungeon)
   319 | D        | Received a gift from Kikubaaqudgha
   376 | D        | Entered arena 6.
   376 | D        | Noticed a deep elf knight
   376 | D        | Noticed a deep elf mage
   376 | D        | Noticed an orc sorcerer
   376 | D        | Noticed a deep elf mage
   376 | D        | Noticed a deep elf archer
   376 | D        | Found a transporter.
   377 | D        | Noticed an orange demon
   383 | D        | Killed an orc sorcerer
   383 | D        | Reached **** piety under Kikubaaqudgha
   383 | D        | Reached skill level 5 in Conjurations
   383 | D        | Reached skill level 5 in Hexes
   383 | D        | Reached skill level 5 in Charms
   383 | D        | Reached skill level 5 in Summonings
   383 | D        | Reached skill level 5 in Translocations
   383 | D        | Reached skill level 5 in Transmutations
   383 | D        | Reached skill level 5 in Fire Magic
   383 | D        | Reached skill level 5 in Ice Magic
   383 | D        | Reached skill level 5 in Air Magic
   383 | D        | Reached skill level 5 in Earth Magic
   383 | D        | Reached skill level 5 in Poison Magic
   383 | D        | Reached XP level 8. HP: 41/64 MP: 17/19
   387 | D        | Killed a deep elf mage
   388 | D        | Killed a deep elf knight
   389 | D        | Killed a deep elf mage
   389 | D        | Reached XP level 9. HP: 41/72 MP: 18/21
   396 | D        | Killed a deep elf archer
   523 | D        | Entered arena 7.
   523 | D        | Noticed an orc high priest
   523 | D        | Noticed a deep elf mage
   523 | D        | Noticed a deep elf mage
   523 | D        | Noticed a water nymph
   523 | D        | Noticed a deep elf mage
   523 | D        | Noticed a deep elf knight
   523 | D        | Noticed a death drake
   523 | D        | a water nymph changed into a death drake
   524 | D        | Found a transporter.
   524 | D        | Noticed a soul eater
   525 | D        | Noticed a jumping spider
   528 | D        | Noticed a sixfirhy
   528 | D        | Noticed a hellwing
   528 | D        | Noticed a water nymph
   528 | D        | a death drake changed into a water nymph
   529 | D        | Noticed a jumping spider
   529 | D        | HP: 2/70 [deep elf knight/+3 broad axe of draining (2)]
   530 | D        | Slain by a jumping spider

Skill      XL: |  1  2  3  4  5  6  7  8  9 |
---------------+----------------------------+-----
Fighting       | 1 2 3 4 5 6 7 |  7.4
Short Blades   | 1 2 3 4 5 6 7 |  7.4
Long Blades    | 1 2 3 4 5 6 7 |  7.4
Axes           | 1 2 3 4 5 6 7 |  7.4
Maces & Flails | 1 2 3 4 5 6 7 |  7.4
Polearms       | 1 2 3 4 5 6 7 |  7.4
Staves         | 1 2 3 4 5 6 7 |  7.4
Slings         | 1 2 3 4 5 6 7 |  7.4
Bows           | 1 2 3 4 5 6 7 |  7.4
Crossbows      | 1 2 3 4 5 6 7 |  7.4
Throwing       | 1 2 3 4 5 6 7 |  7.4
Armour         | 1 2 3 4 5 6 7 |  7.4
Shields        | 1 2 3 4 5 6 7 |  7.4
Unarmed Combat | 1 2 3 4 5 6 7 |  7.4
Spellcasting   | 5 6 7 8 9 |  9.1
Invocations    | 1 3 4 5 6 7 8 |  8.2
Evocations     | 1 2 3 4 5 6 7 |  7.4
Conjurations   | 2 3 4 5 6 |  6.2
Hexes          | 2 3 4 5 6 |  6.2
Charms         | 2 3 4 5 6 |  6.2
Summonings     | 2 3 4 5 6 |  6.2
Translocations | 2 3 4 5 6 |  6.2
Transmutations | 2 3 4 5 6 |  6.2
Fire Magic     | 2 3 4 5 6 |  6.2
Ice Magic      | 2 3 4 5 6 |  6.2
Air Magic      | 2 3 4 5 7 |  7.8
Earth Magic    | 2 3 4 5 6 |  6.2
Poison Magic   | 2 3 4 5 6 |  6.2
Dodging        | 5 6 7 8 |  8.8
Stealth        | 5 6 7 8 |  8.6
Necromancy     | 8 9 |  9.5

Action                   |  1- 3 |  4- 6 |  7- 9 || total
-------------------------+-------+-------+-------++-------
Melee: Shillelagh        |     9 |    16 |    15 ||    40
       Bite              |     1 |     3 |       ||     4
 Cast: Animate Skeleton  |       |       |     6 ||     6
Invok: Receive Corpses   |       |       |     1 ||     1
Armor: Gold dragon scale |    10 |     7 |     9 ||    26
Dodge: Dodged            |       |     1 |       ||     1
Block: Shield            |    19 |    20 |    28 ||    67
